[Event "CZE-ch U14 Girls 2020"]
[Site "Kouty nad Desnou"]
[Date "2020.03.07"]
[Round "1.20"]
[White "Stribna, Julie"]
[Black "Smajzrova, Dominika"]
[Result "1-0"]
[ECO "C47"]
[WhiteElo "1046"]
[BlackElo "1487"]
[Annotator "NA RC"]
[PlyCount "61"]
[EventDate "2020.03.07"]
[EventCountry "CZE"]
[SourceTitle "playchess.com"]
[Source "ChessBase"]
[SourceQuality "1"]
[TimeControl "5400+30"]

1. e4 e5 2. Nf3 Nf6 3. Nc3 Nc6 4. d3 Bc5 5. Be2 h6 6. h3 O-O 7. O-O Re8 8. Be3 Bxe3 9. fxe3 d5 10. exd5 Nxd5 11. Nxd5 Qxd5 12. e4 Qc5+ 13. Kh2 Be6 14. c3 Rad8 15. Ne1 Bc4 16. Rf3 Be6 17. Qd2 Qe7 18. Nc2 Qh4 19. Qe3 Rd6 20. b3 Bc8 21. Raf1 Re7 22. R3f2 b6 23. Kg1 Rg6 24. Rf3 Nd8 25. Qf2 Qg5 26. Ne3 Ne6 27. h4 Qh5 28. Rh3 Nf4 29. Bxh5 Nxh3+ 30. Kh2 Nxf2 31. Bxg6 1-0

[Event "CZE-ch U14 Girls 2020"]
[Site "Kouty nad Desnou"]
[Date "2020.03.08"]
[Round "2.12"]
[White "Voriskova, Anna"]
[Black "Vankova, Marie"]
[Result "0-1"]
[ECO "D35"]
[WhiteElo "1820"]
[BlackElo "1367"]
[Annotator "NA"]
[PlyCount "80"]
[EventDate "2020.03.07"]
[EventCountry "CZE"]
[SourceTitle "playchess.com"]
[Source "ChessBase"]
[SourceQuality "1"]
[TimeControl "5400+30"]

1. c4 e6 2. Nc3 d5 3. d4 Nf6 4. Bg5 Be7 5. e3 O-O 6. cxd5 exd5 7. Bd3 b6 {[%emt 0:00:51] [#]} (7... Re8 $11 {keeps the balance.}) 8. Nge2 (8. Bxf6 $1 $16 Bxf6 {[#]} 9. Qh5 $1 ) 8... Bb7 9. O-O c5 10. f3 {[%emt 0:06:10] D35: Queen's Gambit Declined: Exchange Variation.} Nc6 {[%emt 0:04:06] [#]} 11. dxc5 $146 ({Predecessor:} 11. Kh1 Re8 12. Rc1 g6 13. Nf4 cxd4 14. exd4 Qd6 15. Bc2 Ba6 16. Bd3 Bxd3 17. Qxd3 {½-½ (47) Debashis,D (2501)-Vocaturo,D (2609) Caleta 2018}) 11... Bxc5 12. Bxf6 Bxe3+ 13. Kh1 Qxf6 14. Nxd5 Qh6 15. f4 Bc5 16. Be4 Rad8 17. Qb1 Rfe8 18. Ndc3 Ba6 19. Rf3 Bc8 20. f5 Nd4 21. Nxd4 Bxd4 ({Better is} 21... Rxd4 $19 22. f6 g6) 22. Ne2 Qd2 23. Nxd4 Rxd4 24. Rd3 Rxd3 25. Qxd3 $2 (25. Bxd3 {was the only defense.} Bb7 26. Bf1) 25... Qxb2 $2 (25... Qb4 $19 {is more deadly.} 26. Rd1 Bxf5 27. Bxf5 Re1+ 28. Qf1 Rxf1+ 29. Rxf1 {[#]} Qc4 $1 ) 26. Rb1 Qxa2 27. f6 g6 28. Bd5 Qe2 29. Qc3 Bf5 30. Rg1 Qe5 31. Qc6 Rc8 32. Qb7 Qc7 33. Qa6 Rd8 34. Bf3 Kf8 $2 (34... h6 $19 35. h3 Rd7) 35. Qa3+ Kg8 36. Re1 Be6 $19 37. Rc1 Qf4 38. Qb2 a5 39. Rf1 Qd4 40. Qb5 Bc4 0-1

[Event "CZE-ch U14 Girls 2020"]
[Site "Kouty nad Desnou"]
[Date "2020.03.08"]
[Round "2.13"]
[White "Havelkova, Beata"]
[Black "Zelbova, Lada"]
[Result "0-1"]
[ECO "B07"]
[WhiteElo "1468"]
[BlackElo "1646"]
[Annotator "NA"]
[PlyCount "78"]
[EventDate "2020.03.07"]
[EventCountry "CZE"]
[SourceTitle "playchess.com"]
[Source "ChessBase"]
[SourceQuality "1"]
[TimeControl "5400+30"]

1. e4 c5 2. c3 d6 3. d4 Nf6 4. Bd3 Nc6 5. Bc2 Qb6 6. Ne2 g6 7. b3 Bg7 8. Bb2 O-O 9. h3 Qc7 10. Nd2 b6 11. O-O cxd4 12. cxd4 Nb4 13. Bb1 Ba6 14. Nf3 Rac8 15. Qd2 Bxe2 16. Qxe2 Bh6 17. Nd2 Nc2 18. Bxc2 Qxc2 19. Bc1 Bxd2 20. Qxd2 Nxe4 21. Qxc2 Rxc2 22. Re1 Rfc8 23. Ba3 d5 24. f3 Nc3 25. Rxe7 Nb5 26. Bb4 a5 27. Be1 Rb2 28. Bh4 Kg7 29. Bg3 Rcc2 30. Be5+ Kf8 31. Bf6 Rxg2+ 32. Kh1 Rh2+ 33. Kg1 Rbg2+ 34. Kf1 Rd2 35. Kg1 Nxd4 36. Re3 Nf5 37. Rc1 Rhg2+ 38. Kf1 Nxe3+ 39. Ke1 Rde2# 0-1

[Event "CZE-ch U14 Girls 2020"]
[Site "Kouty nad Desnou"]
[Date "2020.03.08"]
[Round "2.14"]
[White "Trasakova, Adela"]
[Black "Spacilova, Klara"]
[Result "1-0"]
[ECO "D02"]
[WhiteElo "1639"]
[BlackElo "1188"]
[Annotator "NA"]
[PlyCount "115"]
[EventDate "2020.03.07"]
[EventCountry "CZE"]
[SourceTitle "playchess.com"]
[Source "ChessBase"]
[SourceQuality "1"]
[TimeControl "5400+30"]

1. d4 d5 2. Bf4 Nf6 3. e3 e6 4. c3 Bd6 5. Nf3 O-O 6. Bd3 b6 7. Bg3 Bb7 8. Ne5 c5 9. Nd2 Re8 10. O-O Qc7 11. f4 Ba6 12. Bxa6 Nxa6 13. Qf3 Nb8 14. Bh4 Nbd7 15. g4 g6 16. g5 Nh5 17. Ng4 Be7 18. f5 exf5 19. Nh6+ Kg7 20. Qxd5 Bd6 21. Qxf7+ Kh8 22. Qd5 Bxh2+ 23. Kh1 Ng3+ 24. Bxg3 Qxg3 25. Nf3 Qc7 26. Nxh2 Rab8 27. Rae1 Re7 28. Qg2 Rbe8 29. Qf2 Qb7+ 30. Qf3 Qxf3+ 31. Nxf3 Rxe3 32. Nf7+ Kg7 33. N7e5 Rxe1 34. Rxe1 Rd8 35. Nc6 Rf8 36. Re7+ Rf7 37. Rxf7+ Kxf7 38. d5 Ke8 39. Nfe5 Nxe5 40. Nxe5 Ke7 41. c4 b5 42. b3 Kd6 43. Nc6 a6 44. a4 Kc7 45. a5 b4 46. Kg2 Kb7 47. Kf3 Kc7 48. Kf4 Kc8 49. Ne7+ Kd7 50. Nxf5 gxf5 51. Kxf5 Ke7 52. Ke5 Kd7 53. Kf6 Kd6 54. Kg7 h5 55. gxh6 Ke5 56. h7 Kd6 57. Kf6 Kd7 58. h8=Q 1-0

[Event "CZE-ch U14 Girls 2020"]
[Site "Kouty nad Desnou"]
[Date "2020.03.08"]
[Round "2.15"]
[White "Jirotova, Eliska"]
[Black "Pejrimovska, Viola Ruby"]
[Result "0-1"]
[ECO "B42"]
[WhiteElo "1333"]
[BlackElo "1600"]
[Annotator "NA"]
[PlyCount "104"]
[EventDate "2020.03.07"]
[EventCountry "CZE"]
[SourceTitle "playchess.com"]
[Source "ChessBase"]
[SourceQuality "1"]
[TimeControl "5400+30"]

1. e4 c5 2. Nf3 e6 3. d4 cxd4 4. Nxd4 a6 5. Bd3 d6 6. Qe2 Nf6 7. c4 Be7 8. Nc3 O-O 9. O-O b6 10. Be3 Bb7 11. f4 Nbd7 12. b4 Qc7 13. Rac1 Rac8 14. Kh1 Qb8 15. Bg1 Qa8 16. Bb1 Rfe8 17. a3 d5 18. e5 Ne4 19. Nxe4 dxe4 20. Rc3 f6 21. exf6 Nxf6 22. Nxe6 Bxb4 23. axb4 Rxe6 24. Ba2 Kh8 25. Rg3 Rd8 26. c5 Re7 27. Qb2 Red7 28. Be3 bxc5 29. bxc5 Bc6 30. Bc1 Rd1 31. Qe2 Bb5 32. Bc4 Bxc4 33. Qxc4 Qd5 34. Qe2 Rxf1+ 35. Qxf1 Qd1 36. Kg1 Qxf1+ 37. Kxf1 Rd1+ 38. Ke2 Rxc1 39. Ra3 Rxc5 40. Rxa6 h6 41. h4 Rc2+ 42. Kf1 Ng4 43. g3 Rf2+ 44. Ke1 Rf3 45. Re6 e3 46. Re7 Rxg3 47. Ke2 Rh3 48. Ke1 Rxh4 49. Re4 Nf6 50. Rxe3 Rxf4 51. Rh3 Kh7 52. Ke2 g5 0-1

[Event "CZE-ch U14 Girls 2020"]
[Site "Kouty nad Desnou"]
[Date "2020.03.08"]
[Round "2.16"]
[White "Fizerova, Lucie"]
[Black "Stribna, Julie"]
[Result "1-0"]
[ECO "C42"]
[WhiteElo "1574"]
[BlackElo "1046"]
[Annotator "NA"]
[PlyCount "39"]
[EventDate "2020.03.07"]
[EventCountry "CZE"]
[SourceTitle "playchess.com"]
[Source "ChessBase"]
[SourceQuality "1"]
[TimeControl "5400+30"]

1. e4 e5 2. Nf3 Nf6 3. Nxe5 d6 4. Nf3 Nxe4 5. Nc3 Nxc3 6. dxc3 Be7 7. Be3 O-O 8. Qd2 Bf5 9. h4 h5 10. O-O-O f6 11. Qd5+ Be6 12. Qxe6+ Kh8 13. Qf5 Qe8 14. Bd3 g6 15. Qxg6 Qxg6 16. Bxg6 Nc6 17. Bxh5 Rg8 18. Rd5 Ne5 19. Nxe5 fxe5 20. g4 1-0

[Event "CZE-ch U14 Girls 2020"]
[Site "Kouty nad Desnou"]
[Date "2020.03.08"]
[Round "2.17"]
[White "Glasbergerova, Lucie"]
[Black "Markova, Karolina"]
[Result "0-1"]
[ECO "C01"]
[WhiteElo "1203"]
[BlackElo "1497"]
[Annotator "NA"]
[PlyCount "114"]
[EventDate "2020.03.07"]
[EventCountry "CZE"]
[SourceTitle "playchess.com"]
[Source "ChessBase"]
[SourceQuality "1"]
[TimeControl "5400+30"]

1. e4 e5 2. Nf3 Nf6 3. Nxe5 d6 4. Nf3 Nxe4 5. d3 Nf6 6. Nc3 d5 7. d4 Bb4 8. Bd2 O-O 9. Be2 Bg4 10. O-O Nc6 11. Be3 Bxc3 12. bxc3 Ne4 13. Qd3 Re8 14. Rab1 Na5 15. h3 Bh5 16. Rfe1 b6 17. Ne5 Bxe2 18. Rxe2 c5 19. c4 Nxc4 20. Nxc4 dxc4 21. Qxc4 cxd4 22. Bxd4 Rc8 23. Qd3 Nc5 24. Rxe8+ Qxe8 25. Bxc5 Rxc5 26. Rd1 g6 27. c3 Qc8 28. Rc1 Ra5 29. Qd2 Qc4 30. Rc2 Rd5 31. Qe1 Qd3 32. Rc1 Qd2 33. a3 Rd3 34. Qxd2 Rxd2 35. c4 Rd3 36. c5 bxc5 37. Rxc5 Rxa3 38. Rc1 Kg7 39. Kf1 h5 40. Ke2 h4 41. Rc5 Ra6 42. Rc4 g5 43. f4 f6 44. f5 Ra5 45. Rc7+ Kh6 46. Rf7 Re5+ 47. Kd3 Rxf5 48. Rxa7 Rf2 49. Ra6 Kg6 50. Ke4 Rxg2 51. Ra3 Rg3 52. Rxg3 hxg3 53. Kf3 Kh5 54. Kxg3 f5 55. Kf3 Kh4 56. Kg2 g4 57. hxg4 Kxg4 0-1

[Event "CZE-ch U14 Girls 2020"]
[Site "Kouty nad Desnou"]
[Date "2020.03.08"]
[Round "2.19"]
[White "Vavrinkova, Marie"]
[Black "Nagyova, Daniela"]
[Result "1-0"]
[ECO "C63"]
[WhiteElo "1240"]
[BlackElo "1560"]
[Annotator "NA"]
[PlyCount "67"]
[EventDate "2020.03.07"]
[EventCountry "CZE"]
[SourceTitle "playchess.com"]
[Source "ChessBase"]
[SourceQuality "1"]
[TimeControl "5400+30"]

1. e4 e5 2. Nf3 Nc6 3. Bb5 f5 4. d3 fxe4 5. dxe4 Nf6 6. O-O Bc5 7. Bg5 d6 8. h3 O-O 9. Nc3 Kh8 10. Na4 Bb6 11. Bc4 Qe8 12. Re1 Qg6 13. Nxb6 axb6 14. Qc1 Qh5 15. Qe3 Nd4 16. Nxd4 exd4 17. Qd2 Qg6 18. e5 Ne4 19. Rxe4 Qxe4 20. Be7 Re8 21. exd6 cxd6 22. Bxd6 Qc6 23. Bf7 Re4 24. f3 Rh4 25. Qg5 Qxd6 26. Qxh4 Bf5 27. Rd1 Rd8 28. Qf2 Rd7 29. Be8 Rd8 30. Bb5 Be6 31. a3 Qc5 32. Bf1 Bf5 33. Bd3 Bc8 34. Qh4 1-0

[Event "CZE-ch U14 Girls 2020"]
[Site "Kouty nad Desnou"]
[Date "2020.03.08"]
[Round "2.20"]
[White "Sulcova, Tereza Radmila"]
[Black "Ticha, Sofie"]
[Result "1-0"]
[ECO "D05"]
[WhiteElo "1555"]
[BlackElo "1216"]
[Annotator "NA"]
[PlyCount "73"]
[EventDate "2020.03.07"]
[EventCountry "CZE"]
[SourceTitle "playchess.com"]
[Source "ChessBase"]
[SourceQuality "1"]
[TimeControl "5400+30"]

1. d4 d5 2. Nf3 e6 3. e3 c5 4. c3 Nc6 5. Bd3 Nf6 6. Nbd2 Bd6 7. O-O O-O 8. dxc5 Bxc5 9. e4 Qc7 10. exd5 exd5 11. c4 h6 12. Qc2 Nb4 13. Qc3 Nxd3 14. Qxd3 Be6 15. cxd5 Bxd5 16. Nb3 Bb6 17. Be3 Bc4 18. Bxb6 axb6 19. Qc2 Qf4 20. Rfe1 Rac8 21. Qd2 Qg5 22. Nxg5 hxg5 23. Rad1 g4 24. Qd4 b5 25. Nc5 Bd5 26. Nd7 Rfd8 27. Nxf6+ gxf6 28. Qxg4+ Kf8 29. Rxd5 Re8 30. Rxe8+ Rxe8 31. h4 Re1+ 32. Kh2 Re8 33. Rd7 Re7 34. Qb4 Kg7 35. Qxe7 Kh6 36. Qxf6+ Kh7 37. Rxf7+ 1-0

[Event "CZE-ch U14 Girls 2020"]
[Site "Kouty nad Desnou"]
[Date "2020.03.08"]
[Round "2.21"]
[White "Stavova, Helena"]
[Black "Nespora, Tatana"]
[Result "1/2-1/2"]
[ECO "B22"]
[WhiteElo "1146"]
[BlackElo "1310"]
[Annotator "NA"]
[PlyCount "128"]
[EventDate "2020.03.07"]
[EventCountry "CZE"]
[SourceTitle "playchess.com"]
[Source "ChessBase"]
[SourceQuality "1"]
[TimeControl "5400+30"]

1. e4 c5 2. Nf3 Nc6 3. c3 d5 4. d3 dxe4 5. dxe4 Qxd1+ 6. Kxd1 Bg4 7. Be2 Nf6 8. e5 Nd5 9. c4 Ndb4 10. Bf4 Rd8+ 11. Nbd2 e6 12. a3 Nd3 13. Bxd3 Rxd3 14. Ke2 Rd8 15. Rhd1 Nd4+ 16. Kf1 Be7 17. Be3 Nc2 18. Rac1 Nxe3+ 19. fxe3 O-O 20. Ne4 h6 21. h3 Bf5 22. Nd6 Bxd6 23. exd6 Be4 24. Ne5 f6 25. Nd3 Bxd3+ 26. Rxd3 Rd7 27. b4 b6 28. e4 Rfd8 29. Rcd1 Kf7 30. Kf2 Ke8 31. Kf3 Rc8 32. Rc1 Rc6 33. Rcc3 Rcxd6 34. Ke3 Rd4 35. Rb3 Rxc4 36. Rxd7 Kxd7 37. Kd3 Rd4+ 38. Ke3 Rc4 39. Kd3 Rc1 40. Rb2 c4+ 41. Kd2 c3+ 42. Kxc1 cxb2+ 43. Kxb2 Kd6 44. Kc3 Ke5 45. Kd3 Kf4 46. Kd4 g5 47. a4 h5 48. a5 bxa5 49. bxa5 g4 50. Kc5 Kg3 51. Kc6 f5 52. exf5 exf5 53. hxg4 hxg4 54. Kb7 f4 55. Kxa7 f3 56. gxf3 gxf3 57. a6 f2 58. Kb7 f1=Q 59. a7 Qb1+ 60. Ka8 Qe4+ 61. Kb8 Qe8+ 62. Kb7 Qd7+ 63. Kb8 Qd6+ 64. Kb7 Qd5+ 1/2-1/2

[Event "CZE-ch U14 Girls 2020"]
[Site "Kouty nad Desnou"]
[Date "2020.03.08"]
[Round "2.23"]
[White "Macova, Marketa"]
[Black "Rezna, Hedvika"]
[Result "0-1"]
[ECO "C47"]
[WhiteElo "1025"]
[BlackElo "1242"]
[Annotator "NA"]
[PlyCount "138"]
[EventDate "2020.03.07"]
[EventCountry "CZE"]
[SourceTitle "playchess.com"]
[Source "ChessBase"]
[SourceQuality "1"]
[TimeControl "5400+30"]

1. e4 e5 2. Nf3 Nc6 3. d4 exd4 4. Nxd4 Nf6 5. Nc3 Bb4 6. Bg5 O-O 7. Bc4 d6 8. O-O Re8 9. Re1 Bd7 10. a3 Bc5 11. Nf5 Ne5 12. Bb3 Bc6 13. Bd5 Bb6 14. h3 a6 15. Qd2 Ned7 16. Bh6 g6 17. Qg5 Nxd5 18. exd5 Qxg5 19. Bxg5 Bb5 20. Nxb5 axb5 21. Ng3 Kg7 22. Kf1 Bc5 23. Ne2 Re5 24. Bf4 Rxd5 25. Nc3 Rf5 26. Bg3 b4 27. axb4 Rxa1 28. Rxa1 Bxb4 29. Ra7 Nc5 30. Nb5 Ne4 31. Bh2 Rxf2+ 32. Kg1 Rxc2 33. g3 Bc5+ 34. Kh1 Bxa7 35. Nxa7 Rxb2 36. g4 Nf2+ 37. Kg1 Nxh3+ 38. Kh1 Nf2+ 39. Kg1 Nxg4 40. Bg3 Rc2 41. Nb5 h5 42. Nd4 Ra2 43. Nf3 b5 44. Ng5 b4 45. Ne4 b3 46. Nc3 Ra1+ 47. Kg2 b2 48. Kf3 Ra3 49. Be1 Rxc3+ 50. Bxc3+ f6 51. Bxb2 Kf7 52. Kf4 Ke6 53. Ke4 d5+ 54. Kf3 Ne5+ 55. Ke3 h4 56. Kf2 Nd3+ 57. Kg2 Nxb2 58. Kf3 d4 59. Ke2 h3 60. Kd2 h2 61. Kc2 h1=Q 62. Kxb2 d3 63. Kc3 Kd5 64. Kxd3 Qe4+ 65. Kc3 Qd4+ 66. Kc2 Kc4 67. Kc1 Qf2 68. Kd1 Kd3 69. Kc1 Qc2# 0-1

[Event "CZE-ch U14 Girls 2020"]
[Site "Kouty nad Desnou"]
[Date "2020.03.09"]
[Round "3.12"]
[White "Zelbova, Lada"]
[Black "Fizerova, Lucie"]
[Result "0-1"]
[ECO "A85"]
[WhiteElo "1646"]
[BlackElo "1574"]
[Annotator "NA"]
[PlyCount "66"]
[EventDate "2020.03.07"]
[EventCountry "CZE"]
[SourceTitle "playchess.com"]
[Source "ChessBase"]
[SourceQuality "1"]
[TimeControl "5400+30"]

1. d4 f5 2. c4 e6 3. Nc3 Nf6 4. Bg5 h6 5. Bxf6 Qxf6 6. e3 g6 7. Bd3 Bg7 8. Nge2 a6 9. f3 O-O 10. Qc2 Nc6 11. a3 d6 12. O-O-O Ne7 13. h4 c6 14. e4 b5 15. Kb1 Bd7 16. g4 bxc4 17. Bxc4 d5 18. Ba2 fxe4 19. fxe4 Qf3 20. Rhg1 Qf2 21. Rg3 Rf3 22. Rdg1 Rxg3 23. Rxg3 Bxd4 24. Nd1 Qf6 25. exd5 exd5 26. Qb3 Be5 27. Rf3 Qg7 28. Qb7 Rd8 29. Qxa6 Bxg4 30. Rf2 Rb8 31. Qa7 Nf5 32. Qxg7+ Kxg7 33. Kc2 Bxe2 0-1

[Event "CZE-ch U14 Girls 2020"]
[Site "Kouty nad Desnou"]
[Date "2020.03.09"]
[Round "3.13"]
[White "Markova, Karolina"]
[Black "Trasakova, Adela"]
[Result "1/2-1/2"]
[ECO "B12"]
[WhiteElo "1497"]
[BlackElo "1639"]
[Annotator "NA RC"]
[PlyCount "96"]
[EventDate "2020.03.07"]
[EventCountry "CZE"]
[SourceTitle "playchess.com"]
[Source "ChessBase"]
[SourceQuality "1"]
[TimeControl "5400+30"]

1. e4 c6 2. d4 d5 3. e5 c5 4. c3 Nc6 5. Ne2 cxd4 6. cxd4 Bg4 7. f3 Bf5 8. Ng3 Bxb1 9. Rxb1 e6 10. Be2 Qa5+ 11. Bd2 Bb4 12. a3 Bxd2+ 13. Qxd2 Qxd2+ 14. Kxd2 Nxd4 15. b4 Nxe2 16. Nxe2 Ne7 17. f4 Kd7 18. Rhc1 Rhc8 19. Nd4 Rxc1 20. Rxc1 Rc8 21. Rxc8 Nxc8 22. g4 g6 23. Nf3 Ke7 24. Ng5 h6 25. Nh7 Nb6 26. Ke2 Nc4 27. a4 a5 28. bxa5 Nxa5 29. Nf6 Kf8 30. Nd7+ Kg7 31. Nc5 b6 32. Nd7 Nc4 33. h4 Kg8 34. g5 h5 35. Kf3 Kg7 36. Ke2 d4 37. Kd3 Nb2+ 38. Kxd4 Nxa4 39. Kc4 b5+ 40. Kb4 Nb2 41. Nc5 Nd1 42. Nd3 Ne3 43. Ne1 Nd5+ 44. Kxb5 Nxf4 45. Kc6 Kf8 46. Kd7 Nd5 47. Nf3 Ne3 48. Kd8 Nf5 1/2-1/2

[Event "CZE-ch U14 Girls 2020"]
[Site "Kouty nad Desnou"]
[Date "2020.03.09"]
[Round "3.14"]
[White "Pejrimovska, Viola Ruby"]
[Black "Martinkova, Magdalena"]
[Result "0-1"]
[ECO "C45"]
[WhiteElo "1600"]
[BlackElo "1473"]
[Annotator "NA"]
[PlyCount "52"]
[EventDate "2020.03.07"]
[EventCountry "CZE"]
[SourceTitle "playchess.com"]
[Source "ChessBase"]
[SourceQuality "1"]
[TimeControl "5400+30"]

1. e4 e5 2. Nf3 Nc6 3. d4 exd4 4. Nxd4 Nf6 5. Nxc6 bxc6 6. e5 Qe7 7. Qe2 Nd5 8. c4 Ba6 9. b3 Qc5 10. Qb2 Nb6 11. Be3 Qa5+ 12. Nc3 Bb4 13. Bd2 Qxe5+ 14. Be2 O-O 15. O-O d5 16. Bf3 Bd6 17. g3 dxc4 18. Bxc6 Rab8 19. Rfe1 Qf6 20. Qc2 Bc5 21. Bg2 Bxf2+ 22. Kh1 Bxe1 23. Rxe1 cxb3 24. axb3 Rfe8 25. Rf1 Bxf1 26. Bxf1 Qxf1# 0-1

[Event "CZE-ch U14 Girls 2020"]
[Site "Kouty nad Desnou"]
[Date "2020.03.09"]
[Round "3.15"]
[White "Vankova, Marie"]
[Black "Sulcova, Tereza Radmila"]
[Result "0-1"]
[ECO "C06"]
[WhiteElo "1367"]
[BlackElo "1555"]
[Annotator "NA RC"]
[PlyCount "64"]
[EventDate "2020.03.07"]
[EventCountry "CZE"]
[SourceTitle "playchess.com"]
[Source "ChessBase"]
[SourceQuality "1"]
[TimeControl "5400+30"]

1. e4 e6 2. d4 d5 3. Nd2 Nf6 4. e5 Nfd7 5. Bd3 c5 6. c3 Nc6 7. Ne2 Qb6 8. Nf3 f6 9. exf6 Nxf6 10. O-O Bd6 11. a3 a5 12. b3 O-O 13. Qc2 e5 14. dxe5 Nxe5 15. Nxe5 Bxe5 16. Bg5 Kh8 17. Rab1 Bd7 18. Nf4 Qd6 19. Qd2 c4 20. Bc2 cxb3 21. Rxb3 Ba4 22. Rb2 Bxc2 23. Rxc2 Ne4 24. Qxd5 Nxg5 25. Qxd6 Bxd6 26. Nd5 Rf5 27. Ne3 Rf7 28. a4 Rc8 29. Rd1 Bc5 30. Rcd2 h6 31. Rd3 Ne4 32. f3 Bxe3+ 0-1

[Event "CZE-ch U14 Girls 2020"]
[Site "Kouty nad Desnou"]
[Date "2020.03.09"]
[Round "3.16"]
[White "Vavrinkova, Marie"]
[Black "Voriskova, Anna"]
[Result "0-1"]
[ECO "A48"]
[WhiteElo "1240"]
[BlackElo "1820"]
[Annotator "NA RC"]
[PlyCount "58"]
[EventDate "2020.03.07"]
[EventCountry "CZE"]
[SourceTitle "playchess.com"]
[Source "ChessBase"]
[SourceQuality "1"]
[TimeControl "5400+30"]

1. d4 Nf6 2. Nf3 g6 3. Bf4 c5 4. e3 b6 5. Bd3 Bg7 6. c3 Bb7 7. Nbd2 O-O 8. h3 d6 9. O-O Nbd7 10. Qe2 {[%emt 0:01:08] A48: 1 d4 Nf6 2 Nf3 g6: Torre, London and Colle Systems.} Re8 11. Bh2 e5 {[%emt 0:06:57] [#]} 12. e4 $146 ({Predecessor:} 12. dxe5 $11 Nxe5 (12... dxe5 13. e4 Nh5 14. Ba6 Bxa6 15. Bf4 exf4 16. Qxa6 Qc8 17. Rad1 {0-1 (17) Sjugirov,S (2663)-Bai,J (2579) Qinhuangdao 2018}) 13. Nxe5 dxe5 14. Bb5) 12... cxd4 ({Better is} 12... exd4 13. cxd4 {[#]} Nxe4 $1 14. Nxe4 d5 15. Nf6+ Nxf6) 13. cxd4 Qe7 (13... exd4 $17 14. Bxd6 Nc5 15. Bxc5 bxc5) 14. Rfe1 Nh5 15. dxe5 ({White should play} 15. Rac1 $14) 15... Nxe5 16. Bxe5 dxe5 17. Bb5 (17. g3 $1 $11) 17... Nf4 18. Qe3 Red8 19. Nc4 $2 (19. Qb3 $15) 19... Rd3 20. Qc1 Rc8 {[%emt 0:02:27] Remove Defender} 21. Qb1 {[%emt 0:02:44] [#]} a6 (21... Rxf3 $142 $1 22. Qd1 (22. gxf3 Qg5+) 22... Rd3) 22. Ncxe5 Rdd8 $19 ({Not} 22... Rxf3 23. Nxf3 axb5 24. a4 $19) 23. Bxa6 Bxa6 24. Ng4 h5 25. Ne3 Bd3 26. Qd1 Bxe4 27. Qa4 Nxh3+ 28. gxh3 Bxf3 29. Qf4 Qf6 0-1

[Event "CZE-ch U14 Girls 2020"]
[Site "Kouty nad Desnou"]
[Date "2020.03.09"]
[Round "3.17"]
[White "Glasbergerova, Lucie"]
[Black "Smajzrova, Dominika"]
[Result "1-0"]
[ECO "C42"]
[WhiteElo "1203"]
[BlackElo "1487"]
[Annotator "NA"]
[PlyCount "63"]
[EventDate "2020.03.07"]
[EventCountry "CZE"]
[SourceTitle "playchess.com"]
[Source "ChessBase"]
[SourceQuality "1"]
[TimeControl "5400+30"]

1. e4 e5 2. Nf3 Nf6 3. Nxe5 d6 4. Nxf7 Kxf7 5. d4 Nxe4 6. Qh5+ Ke7 7. Qe2 d5 8. Bg5+ Ke8 9. Bxd8 Kxd8 10. Nc3 Bb4 11. Qf3 Rf8 12. Qe3 Re8 13. O-O-O Nxc3 14. Qg5+ Be7 15. Qxg7 Nxd1 16. Kxd1 Rf8 17. f3 Bf5 18. c4 c6 19. cxd5 cxd5 20. Qe5 Nd7 21. Qxd5 Rb8 22. Bb5 Rf6 23. Re1 Rd6 24. Qxf5 Rxd4+ 25. Kc1 Rc8+ 26. Kb1 Rc5 27. Qxh7 Bf8 28. Bxd7 Rxd7 29. Qh4+ Kc7 30. Qf4+ Bd6 31. Qd4 Be7 32. Rxe7 1-0

[Event "CZE-ch U14 Girls 2020"]
[Site "Kouty nad Desnou"]
[Date "2020.03.09"]
[Round "3.18"]
[White "Spacilova, Klara"]
[Black "Havelkova, Beata"]
[Result "1-0"]
[ECO "B76"]
[WhiteElo "1188"]
[BlackElo "1468"]
[Annotator "NA RC"]
[PlyCount "49"]
[EventDate "2020.03.07"]
[EventCountry "CZE"]
[SourceTitle "playchess.com"]
[Source "ChessBase"]
[SourceQuality "1"]
[TimeControl "5400+30"]

1. e4 c5 2. Nf3 d6 3. d4 cxd4 4. Nxd4 Nf6 5. Nc3 g6 6. Be3 Bg7 7. f3 O-O 8. Qd2 Nc6 9. O-O-O Nxd4 10. Bxd4 Be6 11. Kb1 a6 12. g4 b5 13. h4 b4 14. Nd5 a5 15. h5 Bxd5 16. exd5 Qc7 17. Rc1 Rfb8 18. hxg6 fxg6 19. g5 Nh5 20. Bxg7 Kxg7 21. Qd4+ Kg8 22. Bh3 Ng7 23. Be6+ Nxe6 24. dxe6 Qc8 25. Rxh7 1-0

[Event "CZE-ch U14 Girls 2020"]
[Site "Kouty nad Desnou"]
[Date "2020.03.09"]
[Round "3.19"]
[White "Stribna, Julie"]
[Black "Jirotova, Eliska"]
[Result "0-1"]
[ECO "B22"]
[WhiteElo "1046"]
[BlackElo "1333"]
[Annotator "NA"]
[PlyCount "98"]
[EventDate "2020.03.07"]
[EventCountry "CZE"]
[SourceTitle "playchess.com"]
[Source "ChessBase"]
[SourceQuality "1"]
[TimeControl "5400+30"]

1. e4 c5 2. c3 Nc6 3. d4 cxd4 4. cxd4 d6 5. Nc3 g6 6. Be3 Bg7 7. Nf3 Nf6 8. Bb5 O-O 9. h3 a6 10. Bc4 b5 11. Bd3 Bd7 12. a3 Rc8 13. Rc1 e5 14. dxe5 dxe5 15. O-O Ne8 16. Qd2 Nd4 17. Bxd4 exd4 18. Ne2 Bc6 19. Ng3 Qb6 20. b4 Nd6 21. Rfe1 Bb7 22. Rxc8 Rxc8 23. Rc1 Nc4 24. Qa2 Ne5 25. Rxc8+ Bxc8 26. Nxe5 Bxe5 27. Qc2 Be6 28. Qc5 Qxc5 29. bxc5 Bc4 30. Bc2 a5 31. Nf1 b4 32. axb4 axb4 33. Nd2 Bb5 34. Bb3 Kf8 35. g3 d3 36. Kf1 Bd4 37. Bc4 Bxc4 38. Nxc4 b3 39. Nd2 b2 40. c6 Ke7 41. Nb1 Kd6 42. Ke1 Kxc6 43. f3 Be3 44. Kd1 Kc5 45. e5 Kd4 46. f4 Bf2 47. g4 Bg3 48. f5 Bxe5 49. fxg6 fxg6 0-1

[Event "CZE-ch U14 Girls 2020"]
[Site "Kouty nad Desnou"]
[Date "2020.03.09"]
[Round "3.21"]
[White "Nespora, Tatana"]
[Black "Nagyova, Daniela"]
[Result "0-1"]
[ECO "C47"]
[WhiteElo "1310"]
[BlackElo "1560"]
[Annotator "NA"]
[PlyCount "60"]
[EventDate "2020.03.07"]
[EventCountry "CZE"]
[SourceTitle "playchess.com"]
[Source "ChessBase"]
[SourceQuality "1"]
[TimeControl "5400+30"]

1. e4 e5 2. Nf3 Nc6 3. Nc3 Nf6 4. d4 exd4 5. Nd5 Be7 6. Nxd4 O-O 7. Be3 Re8 8. Bd3 Nxd4 9. Bxd4 Nxd5 10. exd5 Bc5+ 11. Be2 Bxd4 12. Qxd4 Qe7 13. Qd3 d6 14. Kd1 Qe5 15. Rb1 Bf5 16. Qd2 c6 17. dxc6 bxc6 18. Bd3 Bxd3 19. Qxd3 Rab8 20. b3 Rb5 21. Kc1 Qc5 22. Qd2 Qe5 23. g3 Qe4 24. Rg1 Rd5 25. Qc3 Rc5 26. Qd2 Ree5 27. Rb2 h6 28. Qxd6 Rcd5 29. Qb8+ Re8 30. Qb4 Qxb4 0-1

[Event "CZE-ch U14 Girls 2020"]
[Site "Kouty nad Desnou"]
[Date "2020.03.09"]
[Round "3.22"]
[White "Ticha, Sofie"]
[Black "Stavova, Helena"]
[Result "1/2-1/2"]
[ECO "C56"]
[WhiteElo "1216"]
[BlackElo "1146"]
[Annotator "NA RC"]
[PlyCount "71"]
[EventDate "2020.03.07"]
[EventCountry "CZE"]
[SourceTitle "playchess.com"]
[Source "ChessBase"]
[SourceQuality "1"]
[TimeControl "5400+30"]

1. e4 e5 2. Nf3 Nc6 3. d4 exd4 4. Bc4 Nf6 5. O-O Nxe4 6. Re1 d5 7. Bxd5 Qxd5 8. Nc3 Qh5 9. Nxe4 Be6 10. Bg5 Bd6 11. Nxd6+ cxd6 12. Bf4 Rd8 13. Bg5 Rc8 14. c3 O-O 15. cxd4 Bg4 16. Bf4 d5 17. Rc1 Rfe8 18. Qd3 Bxf3 19. gxf3 Re6 20. Rxe6 fxe6 21. Kh1 Rf8 22. Qe3 Qf5 23. Bd6 Qxf3+ 24. Qxf3 Rxf3 25. Kg2 Rf7 26. b4 h6 27. Bc5 b6 28. Bxb6 Nxb4 29. Bc5 Nd3 30. Rf1 e5 31. f3 Nf4+ 32. Kg3 Ne2+ 33. Kf2 Nxd4 34. Bxd4 exd4 35. Rd1 Rf4 36. Rd3 1/2-1/2